 Dungeon Crawl Stone Soup version 0.31-a0-187-gba352fbbf7 (webtiles) character file.

Game seed: 16989700423887838104

94 qw the Shooter (level 4, -1/25 HPs)
             Began as a Deep Elf Hunter on June 22, 2023.
             Slain by a kobold
             ... wielding a +2 dagger of protection
              (2 damage)
             ... on level 3 of the Dungeon.
             The game lasted 00:00:37 (1491 turns).

qw the Shooter (Deep Elf Hunter)                    Turns: 1491, Time: 00:00:38

Health: -1/25      AC:  5    Str: 10    XL:     4   Next: 38%
Magic:  6/6        EV: 11    Int: 14    God:
Gold:   139        SH:  0    Dex: 18    Spells: 3/3 levels left

rFire   . . .        Y - +0 shortbow
rCold   . . .        (shield currently unavailable)
rNeg    . . .        i - +0 ring mail
rPois   .            (no helmet)
rElec   .            (no cloak)
rCorr   .            (no gloves)
SInv    .            (no boots)
Will    .....        (no amulet)
Stlth   +            (no ring)
HPRegen 0.24/turn    (no ring)
MPRegen 0.10/turn

%: no passive effects
@: no status effects
A: no striking features
a: no special abilities


You were on level 3 of the Dungeon.
You visited 1 branch of the dungeon, and saw 3 of its levels.

You collected 139 gold pieces.


   Skills:
 - Level 1.5 Fighting
 + Level 7.8 Ranged Weapons
 - Level 2.4 Dodging
 - Level 1.2 Stealth


You had 3 spell levels left.
You didn't know any spells.
Your spell library was empty.

Inventory:

Hand Weapons
 Y - a +0 shortbow (weapon)
Armour
 i - a +0 ring mail (worn)
Jewellery
 h - a ring of fire
Potions
 g - a potion of might {unknown}
 j - a potion of resistance

Dungeon Overview and Level Annotations

Branches:
Dungeon (3/15)

Altars:
Makhleb

Shops:
D:1 :=(!   D:2 [


Message History

The goblin is severely wounded.
An adder comes into view.
The goblin hits you but does no damage.
You shoot an arrow. The arrow closely misses the goblin.
The adder hisses angrily.
The goblin hits you with a +0 dagger.
You shoot an arrow. The arrow hits the goblin!
You kill the goblin!
The kobold closely misses you.
You shoot an arrow. The arrow barely misses the goblin.
The kobold barely misses you. The goblin closely misses you.
You shoot an arrow. The arrow hits the goblin!
You kill the goblin!
The kobold hits you with a +2 dagger of protection.
You shoot an arrow. The arrow hits the adder.
The adder is lightly wounded.
The kobold hits you but does no damage. The adder bites you.
You shoot an arrow. The arrow misses the adder.
The adder bites you but does no damage. The kobold hits you but does no damage.
The adder bites you but does no damage. The kobold closely misses you.
You shoot an arrow. The arrow closely misses the adder.
The adder closely misses you. The kobold barely misses you.
You shoot an arrow. The arrow closely misses the adder.
The adder barely misses you.
The kobold hits you with a +2 dagger of protection.
The adder bites you.
You shoot an arrow.
The arrow hits the adder but does no damage.
The adder bites you but does no damage. The kobold hits you but does no damage.
You shoot an arrow. The arrow hits the adder.
The adder is heavily wounded.
The adder bites you but does no damage. The kobold closely misses you.
The adder bites you but does no damage.
You shoot an arrow. The arrow hits the adder!
You kill the adder!
The kobold hits you with a +2 dagger of protection.
The kobold barely misses you.
You shoot an arrow. The arrow barely misses the kobold.
The kobold hits you with a +2 dagger of protection.
You die...

.#.. # #. ..#. #.#.
... .#!#.##### ..#
...<......###.#
........##.#..#
........###...#
......).......#######
......K@#.#..........
#.....).#.##.########
#.........#........#
#.###..#..##.###...###
. #..#.............#
...##.####........
###. #.####..###..# #.
#.......# #
.....###..###.#


You could see a kobold.

Vanquished Creatures
  A gnoll (D:1)
  2 adders
  A worm (D:2)
  4 dart slugs
  An orc (D:3)
  6 bats
  4 endoplasms
  2 giant cockroaches (D:2)
  10 goblins
  5 hobgoblins (D:2)
  4 jackals (D:2)
  A kobold (D:2)
  A quokka (D:3)
  A ball python (D:1)
  A frilled lizard (D:1)
  5 rats
49 creatures vanquished.

Notes
Turn   | Place    | Note
-------+----------+-------------------------------------------
     0 | D:1      | qw the Deep Elf Hunter began the quest for the Orb.
     0 | D:1      | Reached XP level 1. HP: 12/12 MP: 3/3
     0 | D:1      | 0 ||| qw: Version: 0.3-a-9-g12657ce
     0 | D:1      | 0 ||| qw: Game counter: 2271
     0 | D:1      | 0 ||| qw: Always use a shield: true
     0 | D:1      | 0 ||| qw: God list: Okawaru
     0 | D:1      | 0 ||| qw: Allow faded altars: false
     0 | D:1      | 0 ||| qw: Do Orc after D:15 true
     0 | D:1      | 0 ||| qw: Do second Lair branch before Depths: true
     0 | D:1      | 0 ||| qw: Lair rune preference: random
     0 | D:1      | 0 ||| qw: Plans: Normal
     0 | D:1      | 0 ||| PLANNING D:1-11
    13 | D:1      | Found Qepy's Book Emporium.
   199 | D:1      | Found Roela's Distillery.
   207 | D:1      | 207 ||| SHOPLISTING potion of curing (36 gold, have 10).
   207 | D:1      | 207 ||| SHOPLISTING potion of enlightenment (60 gold, have
                  | 10).
   207 | D:1      | 207 ||| SHOPLISTING potion of haste (120 gold, have 10).
   207 | D:1      | 207 ||| SHOPLISTING potion of mutation (96 gold, have 10).
   263 | D:1      | Found a faded altar of an unknown god.
   276 | D:1      | Found Zuniam's Weapon Emporium.
   296 | D:1      | Reached skill level 6 in Ranged Weapons
   296 | D:1      | Reached XP level 2. HP: 16/16 MP: 4/4
   550 | D:1      | Found Fysemigh's Jewellery Shop.
   554 | D:1      | 554 ||| SHOPLISTING +6 ring of dexterity (432 gold, have
                  | 28).
   554 | D:1      | 554 ||| SHOPLISTING amulet of reflection (360 gold, have
                  | 28).
   554 | D:1      | 554 ||| SHOPLISTING amulet of the acrobat (360 gold, have
                  | 28).
   554 | D:1      | 554 ||| SHOPLISTING ring "Wedoewk" {+Blink rElec Will+}
                  | (552 gold, have 28).
   554 | D:1      | 554 ||| SHOPLISTING ring of resist corrosion (240 gold,
                  | have 28).
   587 | D:1      | 587 ||| UPGRADING to +0 scale mail.
   597 | D:1      | 597 ||| DROPPING +0 leather armour.
   598 | D:1      | 598 ||| UPGRADING to +0 ring mail.
   608 | D:1      | 608 ||| DROPPING +0 scale mail.
   609 | D:1      | 609 ||| READING scroll labelled USAIBU ULOXAG.
   610 | D:1      | 610 ||| READING 2 scrolls labelled ZOUVACZ PEIMNI.
   611 | D:1      | 611 ||| READING scroll labelled DELIUN VETIA.
   612 | D:1      | 612 ||| READING scroll labelled JEOTZI WUMY.
   613 | D:1      | 613 ||| DROPPING scroll of butterflies.
   614 | D:1      | 614 ||| DROPPING scroll of poison.
   731 | D:2      | Reached XP level 3. HP: 14/20 MP: 5/5
   944 | D:2      | Reached skill level 7 in Ranged Weapons
   973 | D:2      | Found a burning altar of Makhleb.
  1003 | D:2      | Found Bistreci's Antique Armour Shop.
  1008 | D:2      | 1008 ||| SHOPLISTING bloodstained scale mail (252 gold,
                  | have 60).
  1008 | D:2      | 1008 ||| SHOPLISTING steaming ring mail (252 gold, have
                  | 60).
  1204 | D:2      | Reached XP level 4. HP: 25/25 MP: 6/6
  1346 | D:2      | 1346 ||| DRINKING 2 clear potions.
  1377 | D:2      | 1377 ||| DRINKING 2 fizzy ruby potions.
  1378 | D:2      | 1378 ||| DROPPING potion of lignification.
  1484 | D:3      | HP: 5/25 [adder (3)]
  1487 | D:3      | HP: 2/25 [adder (2)]
  1491 | D:3      | Slain by a kobold

Levels and vault maps discovered:
D:1:      wander_arrival_fairy_ring, layout_basic,
          shapermc_ecumenical_altar_mp_vishouse, serial_shops,
          nicolae_shop_back_alley_shop, shop, nicolae_shop_just_a_little_nook,
          shop
D:2:      cheibrodos_greedy_goblins, layout_loops_cross, serial_shops,
          nicolae_shop_rolling_square, basic_altar
D:3:      layout_loops_ring, nicolae_tso_besieged_by_evil

Skill      XL: |  1  2  3 |
---------------+----------+-----
Ranged Weapons | 6 7 |  7.8
Fighting       | |  1.5
Dodging        | |  2.4
Stealth        | |  1.2

Action                     |  1- 3 |  4- 6 || total
---------------------------+-------+-------++-------
   Fire: Shortbow          |    96 |    42 ||   138
    Use: Scroll            |     4 |       ||     4
         Potion            |       |     2 ||     2
 Armour: Ring mail         |    18 |    10 ||    28
  Dodge: Dodged            |    29 |    17 ||    46

Table legend:
 A = Non-vault XP
 B = Vault XP
 C = Vault XP percentage of total XP
 D = Non-vault monster count
 E = Vault monster count
 F = Vault count percentage of total count
                 A         B        C        D         E       F
            +---------+---------+-------+---------+---------+-------
      Total |     120 |      15 |  11.1 |      41 |       8 |  16.3
            +---------+---------+-------+---------+---------+-------
        D:1 |      34 |       0 |   0.0 |      11 |       0 |   0.0
        D:2 |      60 |      15 |  20.0 |      23 |       8 |  25.8
        D:3 |      26 |       0 |   0.0 |       7 |       0 |   0.0
            +---------+---------+-------+---------+---------+-------
